 Seeded DCSS version 0.30.1-11-g7821555f0a (webtiles) character file.

Game seed: 430007637681659361 (custom seed)

4 strifetoe the Insei (level 1, -1/17 HPs)
             Began as a Djinni Transmuter on Nov 9, 2023.
             Slain by a kobold
             ... wielding a +1 whip of electrocution
              (4 damage)
             ... on level 1 of the Dungeon.
             The game lasted 00:00:18 (136 turns).

strifetoe the Insei (Djinni Transmuter)              Turns: 136, Time: 00:00:19

Health: -1/17      AC:  2    Str:  9    XL:     1   Next: 77%
Gold:   0          EV: 12    Int: 14    God:
                   SH:  0    Dex: 13

rFire   + +          .
                       - Unarmed
rCold   x . .        (no shield)
rNeg    . . .        a - +0 robe
rPois   ∞            (helmet currently unavailable)
rElec   .            (no cloak)
rCorr   .            (no gloves)
SInv    .            (boots unavailable)
Will    .....        (no amulet)
Stlth   +            (no ring)
HPRegen 0.22/turn    (no ring)
MPRegen 0.00/turn

%: infuse magic (-2 HP)
@: appendages, flying
A: horns 2, flying, sickness immunity, fire resistance 2, cold vulnerability 1,
float, innate caster, HP casting, extra vitality 1
a: End Transformation


You were on level 1 of the Dungeon.
You had temporarily grown beastly horns.
You visited 1 branch of the dungeon, and saw 1 of its levels.

Inventory:

Armour
 a - a +0 robe (worn)
Potions
 b - a potion of lignification


   Skills:
 - Level 1.0 Fighting
 - Level 2.1 Dodging
 - Level 3.0 Unarmed Combat
 + Level 1.9 Spellcasting


You knew the following spells:

 Your Spells              Type           Power      Damage    Failure   Level
a - Beastly Appendage     Tmut           12%        N/A       11%         1
b - Wereblood             Tmut           6%         N/A       16%         2
c - Spider Form           Tmut/Pois      6%         N/A       32%         3
d - Ice Form              Ice/Tmut       6%         N/A       71%         4
Your spell library was empty.

Dungeon Overview and Level Annotations

Branches:
Dungeon (1/15)

Altars:


Innate Abilities, Weirdness & Mutations

You have temporarily grown beastly horns.
You are flying.
You are immune to sickness and miasma.
You are immune to poison.
Your flesh is very heat resistant. (rF++)
You are vulnerable to cold. (rC-)
You float through the air rather than walking.
You learn spells naturally, not from books.
Your magical power is your life essence.
You have superior vitality. (+4 MHP)


Message History

Casting: Beastly Appendage (safe; 12% risk of failure)
Confirm with . or Enter, or press ? or * to list all spells.
You grow a pair of large bovine horns.
There is an open door here.
Your transformation is almost over.
The hobgoblin hits you.
You barely miss the hobgoblin. The hobgoblin hits you.
Unknown command.
You hit the hobgoblin.
The hobgoblin is heavily wounded.
The hobgoblin completely misses you.
You hit the hobgoblin.
You kill the hobgoblin!
Found 15 gold pieces.
A kobold comes into view.
It is wielding a +1 whip of electrocution.
Found a scroll labelled DEILUD OMASEGE.
There is an escape hatch in the floor here.
Unknown command.
The kobold hits you with a +1 whip of electrocution.
The kobold hits you with a +1 whip of electrocution.
The kobold hits you with a +1 whip of electrocution.
You are too injured to fight recklessly!
You are too injured to fight recklessly!
Unknown command.
You hit the kobold but do no damage.
Your horns disappear.
The kobold hits you with a +1 whip of electrocution.
* * * LOW HITPOINT WARNING * * *
You closely miss the kobold. The kobold closely misses you.
Unknown command.
You closely miss the kobold. The kobold closely misses you.
Unknown command.
Casting: Beastly Appendage (safe; 11% risk of failure)
Confirm with . or Enter, or press ? or * to list all spells.
You grow a pair of large bovine horns.
* * * LOW HITPOINT WARNING * * *
The kobold misses you.
You hit the kobold but do no damage.
The kobold hits you with a +1 whip of electrocution.
You die...

... .... .....
######+##### #...#
#..........# ##...#
#?.........# #.....
#...K......####.~...
#.$@...>...'.....≈≈≈
#..........###..~≈♣♣
#..........# #..~≈♣
############ #..~≈♣♣
#...≈≈≈ #..~)~.
#..~≈≈≈ #..~≈♣♣
#..~≈♣


You could see a kobold.

Vanquished Creatures
  A goblin (D:1)
  A hobgoblin (D:1)
  A quokka (D:1)
  A ball python (D:1)
4 creatures vanquished.

Notes
Turn   | Place    | Note
-------+----------+-------------------------------------------
     0 | D:1      | strifetoe the Djinni Transmuter began the quest for the
                  | Orb.
     0 | D:1      | strifetoe set off with the following spells memorised:
                  | Beastly Appendage, Wereblood, Spider Form, Ice Form.
     0 | D:1      | Reached XP level 1. HP: 17/17 MP: 0/0
   136 | D:1      | Slain by a kobold

Illustrated notes

Levels and vault maps discovered:
D:1:      wander_arrival_chamber, layout_basic, kennysheep_boxes

Action                     || total
---------------------------++-------
  Melee: Unarmed           ||    29
         Headbutt          ||     2
   Cast: Beastly Appendage ||     4
 Armour: Robe              ||     5
  Dodge: Dodged            ||    16
